wizbiz, neutral female human Wizard ------- --------------------------------- |.....| ................................| |.<...| |.----....-----.---- --..-----..| |.....| |.|..|---.|...-u-..| ..| |..| # |.....| ..|..| |.|._.|f|..| ..| |..-### #......| |.-|-| |.|...|@---| -.| |..| # -----.- |....| |.|...|@o..+ |.--+--..| ### ## |.{..-+--)----|.d..| |........| # # |.).[[........|+--.-----..-----.| ### ### |....-+--..| | |........-..%|.| # # |.-+-- |.----- -|---....|.!%|.| ### ### |.| |.-.*+|--|. ----.-----.| # -.---------- |.| ----.|.[*|..|. +.......| ###|..........| ..| |....|..[|..|.. |.......| #...........| |.----....-----|---------.....{.| |..........| |...............................| ------------ --------------------------------- wizbiz the Conjurer Experience level: 4 Strength: 11 Dexterity: 14 Constitution: 14 Intelligence: 16 Wisdom: 15 Charisma: 7 Health: 0(35) Energy: 49(54) Def: 2 Gold: 756 Moves: 3846 Dungeon seed: QiAco2aCbkrMr_Js Game ID: wizbiz_1530061748 Your Inventory: Coins $ - 756 gold pieces Weapons a - a blessed +1 quarterstaff (weapon in hands) Armor e - an uncursed +0 cloak of magic resistance (being worn) f - a cursed +0 dwarvish cloak y - an uncursed +0 orcish helm (being worn) Comestibles F - an uncursed food ration H - an uncursed hill orc corpse L - an uncursed lembas wafer Q - an uncursed pear Scrolls i - an uncursed scroll of light j - an uncursed scroll of create monster Spellbooks l - a blessed spellbook of force bolt m - an uncursed spellbook of jumping w - an uncursed spellbook of cure blindness J - an uncursed spellbook of sleep Potions h - an uncursed potion of extra healing o - an uncursed potion of sickness E - an uncursed potion of full healing Rings c - an uncursed ring of conflict d - an uncursed ring of slow digestion (on left hand) v - an uncursed ring of polymorph control Wands b - a wand of magic missile (0:5) r - a wand of cancellation (0:5) G - a wand of striking (0:5) Tools s - an uncursed lock pick t - an uncursed leash (in use) B - an uncursed lock pick C - 13 uncursed tallow candles (0:200) K - an uncursed blindfold O - 5 cursed tallow candles (0:200) T - an uncursed wax candle (0:400) Gems n - an uncursed worthless piece of yellow glass Spells and supernatural/magical abilities: Name Level Category Fail Memory a - force bolt 1 attack 0% 81% j - jumping 1 escape 0% 81% z - sleep 1 enchantment 0% 88% B - cure blindness 2 healing 78% 85% W - pray for help -- divine ? -- Your skills at the end: Fighting Skills Weapon Skills quarterstaff [Basic] Spellcasting Skills attack spells [Basic] enchantment spells [Basic] Final Attributes: You were piously aligned. You were magic-protected. You had slower digestion. You were lucky. You are dead. Vanquished creatures: a gnome king 3 gnome lords 2 gnomish wizards a giant ant a little dog 6 dwarves a kobold lord a hill orc 2 giant bats an iguana 3 coyotes a gas spore a hobbit a large kobold 2 hobgoblins 3 cave spiders a yellow mold a green mold 19 gnomes a gecko 5 jackals a fox a kobold 2 goblins a grid bug 2 lichens a kobold zombie 2 newts 67 creatures vanquished. Voluntary challenges: You had been an atheist until turn 3404. You used a wielded weapon 10 times, starting on turn 259. You read items or engraved 4 times, starting on turn 797. You never genocided any monsters. You never polymorphed an object. You never changed form. You used no wishes. You never split a pudding. You never wrote Elbereth's name. You never violated your personal moral code. Dungeon overview: The Dungeons of Doom: levels 1 to 2 Level 1 a long staircase Level 2 a general store stairs to The Gnomish Mines The Gnomish Mines: levels 3 to 5 Level 3 stairs to The Dungeons of Doom Level 4 Level 5 <- You were here some shops, a temple to Thoth, some fountains History has recorded: On T:1 you entered the Dungeons of Doom to retrieve the Amulet of Yendor! On T:67 you reached level 2 of The Dungeons of Doom. On T:439 you advanced to experience level 2. On T:816 you reached level 1 of The Gnomish Mines. On T:958 you advanced to experience level 3. On T:1577 you reached level 2 of The Gnomish Mines. On T:3281 you reached level 3 of The Gnomish Mines. On T:3820 you advanced to experience level 4. Score breakdown: Gold: 756 ( 9793 points) Experience: 4 levels ( 9649 points) Exploration: 5 levels ( 9.80%) ( 8485 points) Discoveries: 13 items ( 4.53%) ( 6384 points) Valuables value: (no points given unless you survive) Artifact value: 0 ( 0 points) Variety of kills: 28 monsters ( 7.35%) ( 8132 points) Turncount: 3846 turns ( -966 points) Survival: died (score multiplied by 80%) Total score: 33181 Latest messages: The wand misses the large cat. The hill orc zaps a wand of striking! Boing! The spell hits the hill orc! You kill the hill orc! Welcome to experience level 4. F - a food ration. G - a wand of striking. You see here a hill orc corpse. H - a hill orc corpse. You stagger under your heavy load. Movement is very hard. The pony kicks! The pony just misses! The pony kicks! The pony bites! You displace your large cat. The pony misses the large cat. (2x) The large cat bites the pony. The hill orc swings his curved sword. The hill orc hits! You die... Final status: Goodbye wizbiz the Wizard, killed by a hill orc... You died in The Gnomish Mines on dungeon level 5 with 33181 points, and 756 pieces of gold, after 3846 moves. You were level 4 with a maximum of 35 hit points when you died.